 Dungeon Crawl Stone Soup version 0.17-a0-1733-ge90ece9 (webtiles) character file.

252 Herrn the Covered (level 6, -1/47 HPs)
             Began as a Formicid Wanderer on Aug 30, 2015.
             Slain by demonpo's ghost (6 damage)
             ... on level 4 of the Dungeon.
             The game lasted 00:10:02 (3963 turns).

Herrn the Covered (Formicid Wanderer)               Turns: 3963, Time: 00:10:02

Health: -1/47      AC:  9    Str: 20    XL:     6   Next: 36%
Magic:  6/6        EV:  8    Int: 10    God:
Gold:   224        SH:  0    Dex: 10    Spells: 1 memorised, 4 levels left

rFire  . . .     SeeInvis +     c - +0 hand axe
rCold  . . .     Clarity  .     f - +0 chain mail (curse)
rNeg   . . .     SustAt   .     (no shield)
rPois  .         Gourm    .     (helmet unavailable)
rElec  .         Spirit   .     (no cloak)
rCorr  .         Warding  .     (no gloves)
rMut   .         Stasis   +     (no boots)
MR     .....                    (no amulet)
Stlth  ..........               (no ring)
                                (no ring)

@: very slightly contaminated, invisible, not resistant to hostile enchantments,
extremely unstealthy
A: permanent stasis, dig shafts and tunnels, four strong arms, antennae 3,
evolution 1
a: Dig, Shaft Self


You were on level 4 of the Dungeon.
You were not hungry.

You visited 1 branch of the dungeon, and saw 4 of its levels.

You collected 224 gold pieces.

Inventory:

Hand weapons
 c - a +0 hand axe (weapon)
 y - a +3 flail
Armour
 f - a cursed +0 chain mail (worn)
Magical devices
 v - a wand of draining (4)
 x - a wand of flame (24)
Scrolls
 d - 2 scrolls of identify
 g - a scroll of blinking {unknown}
 j - 2 scrolls of remove curse {unknown}
 m - a scroll of recharging {unknown}
 o - a scroll of fear {unknown}
 p - 3 scrolls of teleportation {unknown}
 s - a scroll of enchant armour {unknown}
Potions
 n - 3 potions of invisibility
 t - a potion of degeneration {unknown}
Books
 a - a book of Frost

   Spells                             Type                      Level
   a - Freeze                         Ice                          1
   b - Throw Frost                    Conjuration/Ice              2
   c - Ozocubu's Armour               Charms/Ice                   3
   d - Throw Icicle                   Conjuration/Ice              4
   e - Summon Ice Beast               Ice/Summoning                4
   f - Condensation Shield            Ice                          4
 b - the Handbook of Lightness

   Spells                             Type                      Level
   a - Shock                          Conjuration/Air              1
   b - Swiftness                      Charms/Air                   2
Comestibles
 e - 3 bread rations
 i - 2 meat rations
 u - 4 fruits
 z - a slice of pizza


   Skills:
 * Level 3.1 Fighting
 * Level 2.4 Axes
 + Level 4.9 Armour
 * Level 2.0 Dodging
 - Level 1.2 Stealth
 * Level 1.2 Conjurations
   Level 2.0 Ice Magic
   Level 1.2 Earth Magic
 - Level 1.1 Evocations


You had 4 spell levels left.
You knew the following spells:

 Your Spells              Type           Power        Failure   Level  Hunger
a - Shock                 Conj/Air       #...         100%        1    ##.....


Dungeon Overview and Level Annotations

Branches:
Dungeon (4/15)
 Temple: D:4-7

Altars:
Vehumet

Annotations:
D:4 demonpo's ghost, experienced CeHu


Innate Abilities, Weirdness & Mutations

You are under a permanent stasis effect.
You can dig through walls and to a lower floor.
Your four strong arms can wield two-handed weapons with a shield.
You have a pair of large antennae on your head (SInv).
You evolve.


Message History

Demonpo's ghost is moderately damaged.
Demonpo's ghost screams, "You will never get the ORB!"
Demonpo's ghost hits you but does no damage.
You catch the helpless demonpo's ghost completely off-guard!
You hit demonpo's ghost.
Demonpo's ghost is moderately damaged.
Demonpo's ghost hits you.
* * * LOW HITPOINT WARNING * * *
You barely miss demonpo's ghost.
Demonpo's ghost is moderately damaged.
Demonpo's ghost hits you but does no damage. x2
You barely miss demonpo's ghost.
Demonpo's ghost is moderately damaged.
Demonpo's ghost hits you but does no damage.
You hit demonpo's ghost.
Demonpo's ghost is moderately damaged.
You feel less woody.
Your cursed +0 chain mail unmelds from your body.
Demonpo's ghost hits you.
You die...

... ## #.. #. #..
#.. #.# #... #.#
#...###.# #.......#
#......###### ###
#......W@...#.[.
###########.#.###.#
#.......#
#####.......#
#...........#
########...........#
#.........###......#
#.######.####....(.#
#...........#


You could see demonpo's ghost.

Vanquished Creatures
  A giant frog skeleton (D:4)
  An orc priest (D:3)
  An orc wizard (D:3)
  A worker ant (D:4)
  6 adders
  An ooze (D:1)
  A worm (D:2)
  2 giant geckos
  8 orcs (D:3)
  2 ball pythons
  10 bats
  5 goblins
  13 hobgoblins
  A jackal (D:2)
  5 kobolds
  5 giant cockroaches
  2 giant newts
  3 quokkas (D:3)
  8 rats
76 creatures vanquished.

Notes
Turn   | Place    | Note
--------------------------------------------------------------
     0 | D:1      | Herrn the Formicid Wanderer began the quest for the Orb.
     0 | D:1      | Herrn set off with: a book of Frost, the Handbook of Lightness, a +0 hand axe, a +0 robe, a bread ration
     0 | D:1      | Reached XP level 1. HP: 15/15 MP: 1/1
   146 | D:1      | Reached XP level 2. HP: 21/21 MP: 2/2
   154 | D:1      | Learned a level 1 spell: Shock
   543 | D:1      | Reached XP level 3. HP: 27/27 MP: 3/3
   835 | D:1      | Reached skill level 4 in Armour
  1062 | D:2      | Reached skill level 1 in Dodging
  1171 | D:2      | Reached XP level 4. HP: 17/33 MP: 4/4
  2850 | D:3      | Reached XP level 5. HP: 26/39 MP: 5/5
  3119 | D:3      | Found a radiant altar of Vehumet.
  3257 | D:3      | Reached skill level 1 in Conjurations
  3713 | D:3      | Reached XP level 6. HP: 43/47 MP: 6/6
  3912 | D:4      | Noticed demonpo's ghost (experienced CeHu)
  3914 | D:4      | Gained mutation: You are frail (-10% HP). [potion of mutation]
  3914 | D:4      | Gained mutation: You are dopey. (Int -2) [potion of mutation]
  3914 | D:4      | Gained mutation: Your body sometimes deteriorates upon taking damage. [potion of mutation]
  3915 | D:4      | Gained mutation: Your spells are a little harder to cast, but a little more powerful. [potion of mutation]
  3915 | D:4      | Gained mutation: You evolve. [potion of mutation]
  3943 | D:4      | Lost mutation: Your spells are a little harder to cast, but a little more powerful. [potion of cure mutation]
  3943 | D:4      | Lost mutation: Your body sometimes deteriorates upon taking damage. [potion of cure mutation]
  3943 | D:4      | Lost mutation: You are frail (-10% HP). [potion of cure mutation]
  3943 | D:4      | Lost mutation: You are dopey. (Int -2) [potion of cure mutation]
  3963 | D:4      | Slain by demonpo's ghost

Vault maps used:
D:1:      lightli_arrival_flooded_house
D:2:      first_bread
D:3:      vehumet_altar_wand_db, hangedman_decor_growths
D:4:      kennysheep_the_goblin_king, led_sif_pool, nicolae_ru_awakened_eye

Action                   |  1- 3 |  4- 6 || total
-------------------------+-------+-------++-------
Melee: Hand axe          |   137 |   272 ||   409
 Abil: Dig               |     2 |     2 ||     4
Evoke: Wand              |       |     2 ||     2
  Use: Potion            |       |     9 ||     9
       Scroll            |       |     1 ||     1
 Stab: Invisible         |       |     2 ||     2
  Eat: Chunk             |       |     3 ||     3
       Meat ration       |       |     1 ||     1
       Bread ration      |       |     1 ||     1
